 Dungeon Crawl Stone Soup version 0.30.1-4-g462c640d31 (webtiles) character file.

Game seed: 3681998996480311363

550 Peloso the Covered (level 7, -4/60 HPs)
             Began as a Minotaur Fighter on Aug 11, 2023.
             Slain by Sigmund
             ... wielding a +0 scythe
              (10 damage)
             ... on level 5 of the Dungeon.
             The game lasted 00:05:52 (4007 turns).

Peloso the Covered (Minotaur Fighter)               Turns: 4007, Time: 00:05:52

Health: -4/60      AC:  7    Str: 20    XL:     7   Next: 7%
Magic:  6/6        EV: 10    Int:  5    God:
Gold:   198        SH:  5    Dex: 12    Spells: 6/6 levels left

rFire   . . .        a - +1 long sword (chaos)
rCold   . . .        c - +0 buckler
rNeg    . . .        b - +0 scale mail
rPois   .            (helmet restricted)
rElec   .            (no cloak)
rCorr   .            (no gloves)
SInv    .            (no boots)
Will    .....        (no amulet) Stlth
                     (no ring)
HPRegen 0.30/turn    (no ring)
MPRegen 0.10/turn

%: no passive effects
@: hasted, very quick
A: horns 2, retaliatory headbutt
a: no special abilities


You were on level 5 of the Dungeon.
You visited 1 branch of the dungeon, and saw 5 of its levels.

You collected 198 gold pieces.

Inventory:

Hand Weapons
 a - a +1 long sword of chaos (weapon)
Missiles
 j - a throwing net (quivered)
Armour
 b - a +0 scale mail (worn)
 c - a +0 buckler (worn)
Jewellery
 f - an amulet of reflection
 l - a +5 ring of evasion
Scrolls
 e - a scroll of brand weapon
 h - 2 scrolls of enchant weapon
 k - a scroll of noise
 m - a scroll of poison
 n - a scroll of teleportation
 o - a scroll of fear {unknown}
 p - a scroll of immolation {unknown}
 q - a scroll of enchant armour {unknown}
Potions
 d - 2 potions of might
 g - a potion of flight
 i - a potion of cancellation


   Skills:
 + Level 4.8 Fighting
 + Level 5.6 Long Blades
 + Level 5.9 Armour
 + Level 1.6 Dodging
 + Level 0.2 Stealth
 + Level 5.4 Shields


You had 6 spell levels left.
You didn't know any spells.
Your spell library contained the following spells:

 Spells                   Type           Power      Damage    Failure   Level
 Volatile Blastmotes      Fire/Tloc      0%         2d10      99%         3
 Fulminant Prism          Conj/Hex       0%         3d5       100%        4
 Iskenderun's Mystic Bla  Conj/Tloc      0%         2d3       100%        4
 Lee's Rapid Deconstruct  Erth           0%         3d4*      100%        5


Dungeon Overview and Level Annotations

Branches:
Dungeon (5/15)
 Temple: D:4-7

Altars:
Nemelex Xobeh
Trog
Xom
Zin

Annotations:
D:5 Sigmund


Innate Abilities, Weirdness & Mutations

You have a pair of horns on your head.
You reflexively headbutt those who attack you in melee.


Message History

The magic dart hits you!
You hit something. Your headbutt misses something.
You hear some strange, mumbled words.
A magic dart appears from out of thin air!
The magic dart hits you.
You miss something. Something hits you but does no damage.
You hit something.
Nothing appears to happen.
Your headbutt misses something. Something hits you!
* * * LOW HITPOINT WARNING * * *
You miss something. Your headbutt misses something. Something hits you!
* * * LOW HITPOINT WARNING * * *
You slash something! You freeze something. Your headbutt misses something.
Unknown command.
You feel better. Something hits you!
* * * LOW HITPOINT WARNING * * *
You feel better. Something hits you!
* * * LOW HITPOINT WARNING * * *
You feel yourself speed up.
You feel better. Something hits you.
* * * LOW HITPOINT WARNING * * *
You feel better.
Unknown command.
You barely miss something. Your headbutt misses something.
You hear some strange, mumbled words.
A magic dart appears from out of thin air!
The magic dart hits you.
* * * LOW HITPOINT WARNING * * *
You hit something but do no damage. Your headbutt misses something.
Something hits you.
* * * LOW HITPOINT WARNING * * *
You feel better.
You closely miss something. Something hits you but does no damage.
You barely miss something. You miss something. You headbutt something.
Something hits you but does no damage.
You hit something but do no damage. Your headbutt misses something.
You closely miss something. Something hits you!
* * * LOW HITPOINT WARNING * * *
You miss something. Something hits you!
You die...

... ..##..#.##.# ##.##
#.##..#.##.# .....
#.##..#.##.###
......#.##.........#
......#^..(...##.#.#
.._....!.....†...#.####
......#..#.##.........#
.[..@ #{.#.##.##.#.##.#
.... #@##.##.##.#.##.#
##.####.##.##.##.#.##.#
.................#.##.##
#...#.####.##.##.#.#...#
## .". #.......?......
.... #.##.##.#.....#
.#### . # ##.##.#.##
#....#.# ####.#.#


There were no monsters in sight!

Vanquished Creatures
  An ice beast (D:5)
  An ogre (D:5)
  A scorpion (D:5)
  A jelly (D:4)
  A sleepcap (D:5)
  An iguana (D:3)
  An orc wizard (D:3)
  11 adders
  A white imp (D:4)
  An ufetubus (D:4)
  A worm (D:3)
  3 dart slugs
  4 orcs (D:3)
  6 ball pythons
  6 bats
  6 endoplasms
  4 giant cockroaches
  6 goblins
  8 hobgoblins
  7 jackals (D:4)
  4 quokkas
  4 frilled lizards
  7 kobolds
  7 rats
93 creatures vanquished.

Notes
Turn   | Place    | Note
-------+----------+-------------------------------------------
     0 | D:1      | Peloso the Minotaur Fighter began the quest for the Orb.
     0 | D:1      | Reached XP level 1. HP: 19/19 MP: 0/0
   248 | D:1      | Reached XP level 2. HP: 27/27 MP: 1/1
   742 | D:2      | Reached XP level 3. HP: 33/33 MP: 2/2
  1150 | D:2      | Reached XP level 4. HP: 40/40 MP: 3/3
  1666 | D:3      | Found a faded altar of an unknown god.
  1742 | D:3      | Reached skill level 5 in Shields
  1832 | D:3      | HP: 2/40 [something (2)]
  1837 | D:3      | Reached XP level 5. HP: 3/46 MP: 4/4
  2539 | D:4      | Reached skill level 5 in Armour
  3075 | D:4      | Found a bloodstained altar of Trog.
  3356 | D:4      | Reached skill level 1 in Dodging
  3393 | D:4      | Reached XP level 6. HP: 53/53 MP: 5/5
  3648 | D:4      | Found a sparkling altar of Nemelex Xobeh.
  3648 | D:4      | Found a shimmering altar of Xom.
  3725 | D:5      | Entered Level 5 of the Dungeon
  3766 | D:5      | Noticed an ice beast
  3772 | D:5      | Killed an ice beast
  3781 | D:5      | Reached skill level 5 in Long Blades
  3968 | D:5      | Found a glowing silver altar of Zin.
  3970 | D:5      | Noticed Sigmund
  3980 | D:5      | Reached XP level 7. HP: 57/60 MP: 6/6
  3994 | D:5      | HP: 1/60 [something (9)]
  4007 | D:5      | Slain by Sigmund

Illustrated notes

Levels and vault maps discovered:
D:1:      eino_arrival_druids_welcome, layout_basic
D:2:      layout_rooms, grunt_ministairs_5
D:3:      minmay_chambers_of_twos, layout_basic,
          shapermc_ecumenical_altar_mp_highgroup, st_stairs_6, dk_vineyard_1
D:4:      wad_lake_hut, layout_layer_cave, trog_hazing_becter,
          nicolae_overflow_two_pavilions, bh_walls_and_bars
D:5:      layout_loops_ring, old_standard_altar, uniq_sigmund,
          uniq_prince_ribbit1

Skill      XL: |  1  2  3  4  5  6 |
---------------+-------------------+-----
Shields        | 4 5 |  5.4
Armour         | 4 5 |  5.9
Fighting       | 4 |  4.8
Long Blades    | 3 4 5 |  5.6
Dodging        | 1 |  1.6
Stealth        | |  0.2

Action                     |  1- 3 |  4- 6 |  7- 9 || total
---------------------------+-------+-------+-------++-------
  Melee: Long sword        |    64 |   131 |    20 ||   215
         Headbutt          |     8 |    19 |     1 ||    28
    Use: Scroll            |     3 |     7 |       ||    10
         Potion            |     2 |     3 |     6 ||    11
 Armour: Scale mail        |    33 |    82 |     4 ||   119
  Dodge: Dodged            |    32 |    59 |       ||    91
  Block: Buckler           |    18 |    32 |     2 ||    52
